 Dungeon Crawl Stone Soup version 0.28.0-53-g5a82cb258f (webtiles) character file.

Game seed: 11479755818178155050

9599 Zeld the Thaumaturge (level 11, 0/64 HPs)
             Began as a Deep Elf Conjurer on May 22, 2022.
             Was a Priest of Vehumet.
             Slain by a cyclops (25 damage)
             ... on level 10 of the Dungeon.
             The game lasted 00:17:30 (18189 turns).

Zeld the Thaumaturge (Deep Elf Conjurer)           Turns: 18189, Time: 00:17:30

Health: 0/64       AC: 11    Str:  4    XL:     11   Next: 25%
Magic:  29/31      EV:  9    Int: 28    God:    Vehumet [***...]
Gold:   524        SH:  5    Dex: 13    Spells: 27/38 levels left

rFire   . . .      SeeInvis +   a - +1 dagger (venom)
rCold   + + .      Faith    .   (no shield)
rNeg    . . .      Spirit   .   j - +2 ring mail {rPois}
rPois   +          Reflect  +   h - +0 helmet
rElec   .          Harm     .   s - +0 cloak
rCorr   +          Rampage  .   y - +0 pair of gloves
Will    +....                   B - +0 pair of boots
Stlth   ++++......              F - amulet of reflection
HPRegen 0.20/turn               e - ring "Xaulyqau" {rPois rC+ rCorr SInv Stlth+}
MPRegen 0.22/turn               z - ring of protection from cold

@: no status effects
A: no striking features
a: Renounce Religion


You were on level 10 of the Dungeon.
You worshipped Vehumet.
Vehumet was most pleased with you.
You visited 2 branches of the dungeon, and saw 11 of its levels.

You collected 796 gold pieces.
You spent 272 gold pieces at shops.

Inventory:

Hand Weapons
 a - a +1 dagger of venom (weapon)
 k - a +1 vampiric falchion
Armour
 h - a +0 helmet (worn)
 j - a +2 ring mail of poison resistance (worn)
 s - a +0 cloak (worn)
 y - a +0 pair of gloves (worn)
 B - a +0 pair of boots (worn)
Jewellery
 e - the ring "Xaulyqau" (left hand) {rPois rC+ rCorr SInv Stlth+}
   (You acquired it on level 9 of the Dungeon)

   [ring of resist corrosion]

   rC:        It protects you from cold.
   rPois:     It protects you from poison.
   SInv:      It lets you see invisible.
   rCorr:     It protects you from acid and corrosion.
   Stlth:     It makes you more stealthy.
 z - a ring of protection from cold (right hand)
 F - an amulet of reflection (around neck)
Wands
 i - a wand of paralysis (3)
 x - a wand of flame (12)
 A - a wand of iceblast (12)
Scrolls
 c - 3 scrolls of amnesia
 g - 3 scrolls of enchant weapon
 n - 2 scrolls of holy word {unknown}
 p - 2 scrolls of brand weapon {unknown}
 q - 2 scrolls of vulnerability {unknown}
 r - 2 scrolls of teleportation {unknown}
 C - a scroll of enchant armour {unknown}
 G - a scroll of blinking {unknown}
 I - a scroll of fear {unknown}
Potions
 b - a potion of curing {unknown}
 d - 2 potions of attraction {unknown}
 f - 4 potions of brilliance {unknown}
 m - a potion of might {unknown}
 t - 3 potions of haste {unknown}
 u - a potion of ambrosia {unknown}
 v - a potion of berserk rage {unknown}
 D - a potion of mutation {unknown}
 E - a potion of resistance
 H - a potion of flight {unknown}
 J - a potion of lignification {unknown}


   Skills:
 + Level 5.6 Fighting
 - Level 2.4 Dodging
 - Level 8.0 Stealth
 - Level 14.0 Spellcasting
 * Level 11.5 Conjurations
 - Level 2.0 Hexes
 - Level 2.0 Translocations
 + Level 4.5 Evocations


You had 27 spell levels left.
You knew the following spells:

 Your Spells              Type           Power      Damage    Failure   Level
a - Magic Dart            Conj           100%       1d8       1%          1
b - Searing Ray           Conj           100%       2d8       1%          2
c - Fulminant Prism       Conj/Hex       27%        3d14      2%          4
d - Iskenderun's Mystic   Conj/Tloc      55%        2d12      2%          4

Your spell library contained the following spells:

 Spells                   Type           Power      Damage    Failure   Level
 Conjure Flame            Conj/Fire      51%        6-21      1%          3
 Dazzling Flash           Conj/Hex       100%       N/A       1%          3
 Stone Arrow              Conj/Erth      100%       3d13      1%          3
 Sandblast                Erth           38%        2d10      4%          1
 Slow                     Hex            100%       N/A       7%          1
 Beastly Appendage        Tmut           38%        N/A       16%         1
 Summon Small Mammal      Summ           76%        N/A       16%         1
 Confusing Touch          Hex            30%        N/A       22%         3
 Passwall                 Tmut/Erth      15%        N/A       24%         2
 Wereblood                Tmut           19%        N/A       24%         2
 Summon Guardian Golem    Hex/Summ       25%        N/A       32%         3
 Call Canine Familiar     Summ           19%        N/A       43%         3
 Spider Form              Tmut/Pois      19%        N/A       43%         3
 Vampiric Draining        Necr           19%        2d7       43%         3
 Summon Lightning Spire   Summ/Air       19%        N/A       85%         4
 Storm Form               Tmut/Air       9%         N/A       100%        7
 Maxwell's Capacitive Co  Air            9%         ∞         100%        8
 Chain Lightning          Conj/Air       25%        3d34      100%        9
 Fire Storm               Conj/Fire      25%        8d7       100%        9
 Shatter                  Erth           9%         3d11*     100%        9


Dungeon Overview and Level Annotations

Branches:
Dungeon (10/15)            Temple (1/1) D:7            Lair (0/6) D:9
    Orc (0/2) D:10

Altars:
Ashenzari
Cheibriados
Dithmenos
Elyvilon
Fedhas
Gozag
Hepliaklqana
Kikubaaqudgha
Makhleb
Nemelex Xobeh
Okawaru
Qazlal
Ru
Sif Muna
Trog
Uskayaw
Vehumet
Wu Jian
Xom
Yredelemnul
Zin
The Shining One

Shops:
D:6 *   D:9 :

Annotations:
D:7 Harold


Message History

You see here a +0 club.
Items here: ))))) [[.
There is an open door here.
Items here: )))) [[.
Casting: Searing Ray (safe; 1% risk of failure)
Confirm with . or Enter, or press ? or * to list all spells.
You erupt in a blast of force!
The mystic blast hits the orc!
You kill the orc!
Vehumet accepts your kill.
You feel your power returning.
You hear a shout!
Key pressed, stopping explore.
Key pressed, stopping explore.
HP restored.
Items here: )))) [[[.
You see here a +0 club.
There is an open door here.
Items here: )) [ ÷.
Things that are here:
a +0 flail; a +0 club; an orc corpse
Items here: (( )).
You see here a +0 rapier.
A cyclops comes into view.
A cyclops is nearby!
A cyclops is nearby!
A cyclops is nearby!
The cyclops shouts!
The cyclops throws a large rock.
The large rock hits you!!
You hit the cyclops but do no damage.
The cyclops is poisoned.
The cyclops hits you!!
Casting: Iskenderun's Mystic Blast (dangerous; 2% risk of failure)
Confirm with . or Enter, or press ? or * to list all spells.
Aiming: Searing Ray (safe; 1% risk of failure)
Press: ? - help, Shift-Dir - straight line, f - cyclops
Aim: a cyclops, quivering large rocks (lightly wounded, very poisoned, 98% to hit)
The searing ray hits the cyclops but does no damage.
The cyclops is lightly wounded. (Press . to maintain the ray.)
The cyclops hits you!!
You die...

#.#.#.#
#...........###
......#
#.##.##.......#
#.#.#.#
#.#...#.##.##.###
......#
.......#...#...#
#.....^
#.#.............#
#.##.#..#...#...#
...........##....#
##..............#
#...#.@#.##.....#
.......C...#....?#
.#...#...........#
##.##.#...#.....
... ..##.##.....
### ##. .. ## ##
... ####


You could see a cyclops (very poisoned).

Vanquished Creatures
  A two-headed ogre (D:9)
  Maurice (D:9)
  A hornet (D:9)
  Sigmund (D:4)
  5 wyverns
  A vampire (D:9)
  3 yaks (D:8)
  A steam dragon (D:8)
  Menkaure (D:4)
  3 water moccasins
  2 ice beasts
  3 black bears
  A hornet zombie (D:9)
  3 necrophages
  A sky beast (D:8)
  6 ogres
  4 orc warriors
  3 wolves (D:9)
  4 centaurs
  A phantom (D:4)
  9 kobold brigands
  2 gnoll sergeants (D:7)
  A wyvern zombie (D:6)
  4 scorpions
  3 bullfrogs
  2 water moccasin skeletons (D:4)
  A killer bee (D:8)
  4 wights (D:7)
  4 howler monkeys
  3 electric eels (D:8)
  2 bullfrog zombies
  A centaur zombie (D:8)
  A jelly (D:6)
  4 gnoll shamans (D:7)
  8 orc priests
  Crazy Yiuf (D:4)
  3 hounds
  7 iguanas
  Jessica (D:2)
  2 centaur skeletons (D:7)
  14 orc wizards
  2 killer bee zombies
  A hound zombie (D:5)
  A howler monkey zombie (D:7)
  Robin (D:2)
  2 adders
  15 gnolls (D:7)
  A howler monkey skeleton (D:7)
  3 shadow imps
  3 white imps
  An ufetubus (D:7)
  An adder skeleton (D:4)
  49 orcs
  6 ball pythons
  7 bats
  4 endoplasms
  3 giant cockroaches
  15 goblins
  20 hobgoblins
  3 jackals (D:4)
  21 kobolds
  6 quokkas
  4 frilled lizards
  9 rats
301 creatures vanquished.

Vanquished Creatures (collateral kills)
  A boulder beetle (D:9)
1 creature vanquished.

Vanquished Creatures (others)
  2 fulminant prisms
  5 fungi (D:9)
  164 plants
171 creatures vanquished.

Grand Total: 473 creatures vanquished

Notes
Turn   | Place    | Note
-------+----------+-------------------------------------------
     0 | D:1      | Zeld the Deep Elf Conjurer began the quest for the Orb.
     0 | D:1      | Reached XP level 1. HP: 10/10 MP: 6/6
   420 | D:1      | Reached skill level 4 in Spellcasting
   420 | D:1      | Reached XP level 2. HP: 15/15 MP: 3/9
   500 | D:1      | Learned a level 2 spell: Searing Ray
  1221 | D:2      | Reached XP level 3. HP: 19/19 MP: 7/11
  1288 | D:2      | Reached skill level 5 in Spellcasting
  1427 | D:2      | Noticed Jessica
  1429 | D:2      | Killed Jessica
  1472 | D:2      | Noticed Robin
  1477 | D:2      | Reached skill level 6 in Spellcasting
  1477 | D:2      | Reached XP level 4. HP: 18/24 MP: 7/14
  1815 | D:2      | Killed Robin
  2228 | D:2      | Reached skill level 7 in Spellcasting
  2319 | D:2      | Found a faded altar of an unknown god.
  2323 | D:2      | Reached XP level 5. HP: 28/28 MP: 12/16
  2695 | D:3      | Learned a level 4 spell: Fulminant Prism
  2705 | D:3      | Learned a level 4 spell: Iskenderun's Mystic Blast
  2856 | D:3      | Found a shadowy altar of Dithmenos.
  2889 | D:3      | Identified the +6 chain mail "Duavve" {rN+}
  3391 | D:4      | Reached skill level 8 in Spellcasting
  3506 | D:4      | Reached XP level 6. HP: 17/32 MP: 9/19
  3703 | D:4      | Noticed Sigmund
  3713 | D:4      | Found a blossoming altar of Fedhas.
  3717 | D:4      | Reached skill level 9 in Spellcasting
  3902 | D:4      | Found a sacrificial altar of Ru.
  4180 | D:4      | Noticed Menkaure
  4189 | D:4      | Killed Menkaure
  4190 | D:4      | Reached skill level 10 in Spellcasting
  4733 | D:4      | Found a runed translucent door.
  4734 | D:4      | Noticed Crazy Yiuf
  4819 | D:4      | Reached XP level 7. HP: 26/36 MP: 17/22
  5118 | D:5      | Entered Level 5 of the Dungeon
  5151 | D:5      | Reached skill level 1 in Hexes
  5312 | D:4      | Reached skill level 5 in Conjurations
  5312 | D:4      | Reached skill level 1 in Translocations
  5537 | D:5      | Reached skill level 1 in Fighting
  5770 | D:5      | Reached XP level 8. HP: 29/43 MP: 16/24
  6505 | D:5      | Reached skill level 11 in Spellcasting
  7088 | D:4      | Killed Sigmund
  7089 | D:4      | Reached skill level 5 in Stealth
  7197 | D:4      | Killed Crazy Yiuf
  7692 | D:6      | Reached XP level 9. HP: 44/49 MP: 24/26
  8509 | D:6      | Found Fymaonai's General Store.
  8667 | D:6      | Bought a scroll of summoning for 123 gold pieces
  8667 | D:6      | Bought a wand of flame (12) for 91 gold pieces
  8667 | D:6      | Bought a +0 pair of gloves for 58 gold pieces
  9123 | D:7      | You fall into a shaft and drop 3 floors!
  9123 | D:10     | Entered Level 10 of the Dungeon
  9136 | D:10     | Reached skill level 12 in Spellcasting
  9425 | D:9      | Found Situh's Self-Improvement Boutique.
  9624 | D:9      | Noticed a boulder beetle
  9668 | D:10     | Found a staircase to the Orcish Mines.
  9815 | D:9      | Noticed a two-headed ogre
 10295 | D:7      | Found a staircase to the Ecumenical Temple.
 10363 | Temple   | Entered the Ecumenical Temple
 10751 | Temple   | Became a worshipper of Vehumet
 11096 | D:7      | Reached skill level 13 in Spellcasting
 11096 | D:7      | Reached XP level 10. HP: 52/56 MP: 6/29
 11208 | D:7      | Noticed Harold
 11212 | D:7      | Reached * piety under Vehumet
 11212 | D:7      | Offered knowledge of Shock by Vehumet.
 13182 | D:8      | Offered knowledge of Freeze by Vehumet.
 13186 | D:8      | Reached ** piety under Vehumet
 13335 | D:8      | Reached skill level 1 in Evocations
 14078 | D:8      | Reached skill level 10 in Conjurations
 15901 | D:8      | Reached skill level 14 in Spellcasting
 15911 | D:8      | Offered knowledge of Conjure Flame by Vehumet.
 16123 | D:9      | Reached skill level 5 in Fighting
 16140 | D:9      | Noticed Maurice
 16480 | D:9      | Reached *** piety under Vehumet
 16711 | D:9      | Reached XP level 11. HP: 50/64 MP: 20/31
 16715 | D:9      | Killed a two-headed ogre
 16721 | D:9      | Identified 2 scrolls of acquirement
 16725 | D:9      | Acquired a book of Annihilations
 16729 | D:9      | Acquired the ring "Xaulyqau" {rPois rC+ rCorr SInv Stlth+}
 16820 | D:9      | Killed Maurice
 17146 | D:9      | Found a staircase to the Lair.
 17495 | D:9      | Killed a boulder beetle
 18189 | D:10     | Slain by a cyclops

Illustrated notes

Levels and vault maps discovered:
D:1:      dpeg_arrival_subterranean_lakeside_camping, layout_loops_ring,
          minivault_5
D:2:      layout_loops_cross, dilly_ecumenical_altar_fadedgnrine, uniq_jessica,
          uniq_robin
D:3:      layout_loops_ring, nicolae_dithmenos_through_a_glass_darkly
D:4:      wad_woods_stonehenge, layout_basic, nicolae_ru_awakened_eye,
          uniq_menkaure, uniq_crazy_yiuf_cottage, uniq_sigmund
D:5:      layout_basic
D:6:      nicolae_cairo_tiling_large_dashed, layout_basic, serial_shops, shop,
          st_stairs_5, nicolae_lava_and_water, lexackson_kobold_supper
D:7:      kennysheep_housing_project, layout_basic,
          minmay_temple_entry_offerings, minmay_unpleasant_kobolds, uniq_harold
D:8:      layout_rooms, serial_bayou, serial_bayou_pond_b, serial_bayou_pond_b,
          serial_bayou_pond_e, serial_bayou_lagoon_a, minmay_fountain_box,
          small_statue_intersection
D:9:      layout_long_grid, minmay_lair_entry_grove, nicolae_shop_self_help,
          uniq_maurice
D:10:     layout_cave_pods, hiddenorc2_lemuel, serial_glass, glass_columns_c,
          glass_columns_b, hangedman_decor_clover_reticule
Temple:   mainiacjoe_temple_big_plus

Skill      XL: |  1  2  3  4  5  6  7  8  9 10 11 |
---------------+----------------------------------+-----
Spellcasting   | 4 6 7 8 10 11 13 14 | 14.0
Hexes          | 2 |  2.0
Conjurations   | 5 7 9 10 11 | 11.5
Translocations | 2 |  2.0
Stealth        | 3 5 7 8 |  8.0
Fighting       | 1 2 4 5 |  5.6
Evocations     | 3 4 |  4.5
Dodging        | |  2.4

Action                   |  1- 3 |  4- 6 |  7- 9 | 10-12 || total
-------------------------+-------+-------+-------+-------++-------
Melee: Dagger            |       |    20 |    92 |    53 ||   165
       Punch             |       |       |     2 |     2 ||     4
 Cast: Magic Dart        |    59 |    38 |     3 |     8 ||   108
       Searing Ray       |     1 |    26 |    89 |    91 ||   207
       Iskenderun's Myst |       |       |     2 |    30 ||    32
       Fulminant Prism   |       |       |       |     2 ||     2
Evoke: Wand              |       |       |       |     4 ||     4
  Use: Scroll            |       |       |       |     9 ||     9
 Stab: Sleeping          |       |     1 |       |       ||     1
       Distracted        |       |       |       |     1 ||     1
Armor: Robe              |     1 |     3 |       |       ||     4
       Ring mail         |       |    22 |   130 |    81 ||   233
Dodge: Dodged            |     5 |    23 |   126 |    89 ||   243
Block: Other             |       |       |       |    33 ||    33
       Reflection        |       |       |       |     2 ||     2
